Cogmind - Beta 14 @@@ ROGUE MODE // 2024.08.23 @ 02:18:01 Player: lucky255 Result: Destroyed by as-54614 with Assembled Blade Performance ------------- Evolutions (0) 0 Regions Visited (2) 400 Robots Destroyed (17) 85 Value Destroyed (307) 307 Prototype IDs (0) 0 Alien Tech Used (0) 0 Bonus (0) 0 TOTAL SCORE: 792 Bonus ------- None Cogmind --------- Core Integrity 0/250 Matter 266/300 Energy 125/125 System Corruption 0% Temperature Cool (0) Movement Treading (160) Location -10/Mines Parts ------- > --- POWER (1) -------- Light Ion Engine > --- PROPULSION (2) --- Light Treads Light Treads > --- UTILITY (2) ------ Heat Sink Large Storage Unit > --- WEAPON (2) ------- Light Assault Rifle Grenade Launcher > --- INVENTORY (15) --- Light Ion Engine Wheel Compact Wheel Heat Sink Heat Sink Heat Sink Small Storage Unit Medium Storage Unit Weight Redist. System Transport Network Coupler ECM Suite Small Laser Light Assault Rifle Light Assault Rifle Peak State ------------ > --- POWER ------------ Light Ion Engine > --- PROPULSION ------- Light Treads Light Treads > --- UTILITY ---------- Heat Sink Large Storage Unit > --- WEAPON ----------- Small Laser Light Assault Rifle > --- INVENTORY -------- Ion Engine Light Ion Engine Wheel Compact Wheel Heat Sink Heat Sink Heat Sink Small Storage Unit Weight Redist. System Transport Network Coupler ECM Suite Grenade Launcher [Rating: 8] Favorites ----------- Power Light Ion Engine Engine Light Ion Engine Propulsion Light Treads Treads Light Treads Leg Aluminum Leg Utility Large Storage Unit Device Heat Sink Storage Large Storage Unit Weapon Light Assault Rifle Energy Gun Medium Laser Ballistic Gun Light Assault Rifle Launcher Grenade Launcher Build | -11 -10 -10 ------- Run | Yrd Mat Min Slots Evolved . | . . . Power . | . . . Propulsion . | . . . Utility . | . . . Weapon . | . . . Parts Attached 17 | . 14 3 Power 3 | . 1 2 Engine 3 | . 1 2 Core . | . . . Reactor . | . . . Propulsion 2 | . 2 . Treads 2 | . 2 . Leg . | . . . Wheel . | . . . Hover . | . . . Flight . | . . . Utility 3 | . 3 . Device 1 | . 1 . Storage 2 | . 2 . Processor . | . . . Hackware . | . . . Protection . | . . . Artifact . | . . . Weapon 9 | . 8 1 Energy Gun 4 | . 4 . Energy Cannon . | . . . Ballistic Gun 2 | . 2 . Ballistic Cannon . | . . . Launcher 3 | . 2 1 Special Weapon . | . . . Impact Weapon . | . . . Slashing Weapon . | . . . Piercing Weapon . | . . . Special Melee Weapon . | . . . Unidentified Prototypes . | . . . Parts Lost 6 | . 6 . Power 1 | . 1 . Propulsion 2 | . 2 . Utility . | . . . Weapon 3 | . 3 . Highest Loss Streak 3 | . 3 . To Critical Strikes . | . . . Average Slot Usage (%) 89 | . 85 100 Engine 13 | . 12 14 Treads 23 | . 22 28 Leg 3 | . 5 . Device 5 | . 3 14 Storage 18 | . 20 14 Energy Gun 5 | . 7 . Ballistic Gun 15 | . 12 25 Peak Build Rating 8 | . 8 8 Average Rating 6 | . 6 8 On Entrance 6 | 6 6 8 Naked Turns . | . . . Heaviest Build 29 | 12 29 28 Greatest Support 40 | 20 40 40 Greatest Overweight (x) 2 | . 2 . Average Overweight (x) . | . . . Largest Inventory Capacity 15 | . 15 15 Average Capacity 14 | . 14 15 Most Carried 15 | . 15 15 Average Carried 9 | . 7 14 Final Capacity 15 | 8 15 15 Final Carried 15 | 6 15 14 Class Distribution -------------------- 100% | Mutant Dominant Class ---------------- Mutant | -10/Materials Mutant | -10/Mines Resources | -11 -10 -10 ----------- Run | Yrd Mat Min Matter Collected 385 | 200 167 18 Remotely . | . . . Salvage Created 446 | . 356 90 Parts 29 | . 19 10 Haulers Intercepted 1 | . 1 . Recyclers Shooed 1 | . 1 . Parts Field Recycled . | . . . Retrieved Matter . | . . . Parts Self-Destructed . | . . . Prevented . | . . . Kills | -11 -10 -10 ------- Run | Yrd Mat Min Combat Hostiles Destroyed 13 | . 10 3 Guns 8 | . 6 2 AOE 4 | . 3 1 Classes Destroyed 7 | . 5 2 Worker 2 | . 1 1 Tunneler 1 | . . 1 Hauler 1 | . 1 . Recycler 1 | . 1 . Swarmer 6 | . 6 . Grunt 6 | . 4 2 Assembled 1 | . . 1 Best Kill Streak 4 | . 4 2 Combat Bots Only 3 | . 3 2 Max Kills in Single Turn 3 | . 3 1 Gunslinging . | . . . Exploded 2 | . 2 1 Melee . | . . . Uniques/NPCs Destroyed . | . . . Combat | -11 -10 -10 -------- Run | Yrd Mat Min Hostile Shots Fired 105 | . 89 16 Missed 17 | . 16 1 Damage Taken 1011 | . 782 229 Core 262 | . 186 76 Absorbed by Shields . | . . . Core Remaining (%) 100 | 100 . . Volleys Fired 88 | . 81 7 Largest 2 | . 2 2 Hottest 90 | . 90 40 Shots Fired 119 | . 106 13 Gun 116 | . 104 12 Cannon . | . . . Launcher 3 | . 2 1 Special . | . . . Kinetic 44 | . 32 12 Thermal 58 | . 58 . Explosive 3 | . 2 1 Electromagnetic 14 | . 14 . Robot Hit Streak 10 | . 10 9 Robot Miss Streak 6 | . 6 1 Penetration Max . | . . . Secondary Targets 1 | . . 1 Max Gunslinging Chain 1 | . . 1 Shots Hit Robots 78 | . 67 11 Core Hits 34 | . 22 12 Critical Kills . | . . . Critical Parts Destroyed 1 | . 1 . Critical Strikes 3 | . 3 . Burn 2 | . 2 . Destroy 1 | . 1 . Melee Attacks . | . . . Impact . | . . . Slashing . | . . . Piercing . | . . . Sneak Attacks . | . . . Combat Hostiles . | . . . Follow-up Attacks . | . . . Damage Inflicted 1134 | . 951 183 Guns 825 | . 734 91 Cannons . | . . . Explosions 293 | . 206 87 Melee . | . . . Ramming 16 | . 11 5 Kinetic 262 | . 171 91 Thermal 484 | . 484 . Explosive 293 | . 206 87 Electromagnetic 79 | . 79 . Impact . | . . . Slashing . | . . . Piercing . | . . . Highest Corruption . | . . . Average Corruption . | . . . Corruption Purged . | . . . Corruption Blocked . | . . . Overload Shots . | . . . Overflow Damage . | . . . Projectiles . | . . . Explosions . | . . . Melee . | . . . Knockbacks . | . . . Impact . | . . . Kinetic . | . . . Secondary . | . . . Self-Inflicted Damage . | . . . Shots . | . . . Rammed 2 | . 2 . Targets Rammed 4 | . 2 2 Kicked . | . . . Crushed 2 | . . 2 Highest Temperature 363 | . 363 17 Average Temperature 180 | . 182 12 Received Heat Transfer 513 | . 372 141 Effects 2 | . 2 . Short Circuit 1 | . 1 . Damage (minor) 1 | . 1 . Siege Activations . | . . . Robots Corrupted 1 | . 1 . Combat Hostiles 1 | . 1 . Parts Fried . | . . . Impact Corruptions . | . . . Robots Melted . | . . . Combat Hostiles . | . . . Parts Melted 5 | . 5 . Heat Transferred 1579 | . 1579 . Parts Sabotaged . | . . . Parts Stolen . | . . . Parts Stripped . | . . . Power Chain Reactions . | . . . Alert | -11 -10 -10 ------- Run | Yrd Mat Min Peak Influence 165 | . 165 81 Initial 1 | . . 1 Average 42 | . 43 38 Maximum Alert Level . | . . . Low Security (%) 100 | . 100 100 Level 1 . | . . . Level 2 . | . . . Level 3 . | . . . Level 4 . | . . . Level 5 . | . . . High Security . | . . . Max Security . | . . . Squads Dispatched 2 | . 2 . Investigation 1 | . 1 . Extermination . | . . . Reinforcement 1 | . 1 . Assault . | . . . Garrison . | . . . Intercept . | . . . Searches Triggered . | . . . Construction Impeded . | . . . Haulers Reinforced . | . . . Active Scanning Responses . | . . . Cargo Convoy Interrupts . | . . . Stealth | -11 -10 -10 --------- Run | Yrd Mat Min Distress Signals . | . . . Communications Jammed . | . . . Distress Signals . | . . . Times Spotted 23 | . 18 5 Peak Tracking Total 6 | . 5 6 Tactical Retreats 3 | . 3 . Traps | -11 -10 -10 ------- Run | Yrd Mat Min Traps Triggered 1 | . 1 . Indirectly . | . . . Trap Hack Attempts . | . . . Triggered . | . . . Disarmed . | . . . Reprogrammed . | . . . Reused . | . . . Traps Extracted . | . . . Installed . | . . . Triggered 1 | . 1 . Machines | -11 -10 -10 ---------- Run | Yrd Mat Min Machines Disabled . | . . . Max in Single Turn . | . . . Machines Repaired . | . . . Machines Dismantled . | . . . Machines Sabotaged . | . . . Overloaded Fab Kills . | . . . Hacking | -11 -10 -10 --------- Run | Yrd Mat Min Machines Accessed 5 | . 4 1 Terminals 3 | . 2 1 Fabricators . | . . . Repair Stations . | . . . Recycling Units 2 | . 2 . Scanalyzers . | . . . Garrison Access . | . . . Total Hacks 9 | . 7 2 Successful 5 | . 4 1 Failed 4 | . 3 1 Catastrophic 1 | . 1 . Database Lockouts . | . . . Manual . | . . . Terminals 5 | . 3 2 Fabricators . | . . . Repair Stations . | . . . Recycling Units 4 | . 4 . Scanalyzers . | . . . Garrison Access . | . . . Terminal Hacks 2 | . 1 1 Alert Level 1 | . . 1 Locate Traps 1 | . 1 . Fabricator Hacks . | . . . Repair Station Hacks . | . . . Recycling Unit Hacks 3 | . 3 . Retrieve Components 3 | . 3 . Scanalyzer . | . . . Garrison Access Hacks . | . . . Unauthorized Hacks . | . . . Terminals . | . . . Fabricators . | . . . Repair Stations . | . . . Recycling Units . | . . . Scanalyzers . | . . . Garrison Access . | . . . Data Cores Recovered . | . . . Used . | . . . Hacking Detections 5 | . 4 1 Full Trace Events 1 | . 1 . Feedback Events . | . . . Feedback Blocked . | . . . Robot Schematics Acquired . | . . . Robots Built . | . . . Authchips . | . . . Time . | . . . Total Robot Build Rating . | . . . Part Schematics Acquired . | . . . Parts Built . | . . . Authchips . | . . . Time . | . . . Total Part Build Rating . | . . . Parts Repaired . | . . . Time . | . . . Parts Recycled . | . . . Recycled Matter . | . . . Retrieved Matter . | . . . Retrieved Components . | . . . Parts Scanalyzed . | . . . Part Schematics Acquired . | . . . Parts Damaged . | . . . Bothacking | -11 -10 -10 ------------ Run | Yrd Mat Min Used RIF Installer . | . . . Robots Hacked . | . . . Non-combat . | . . . Combat . | . . . Robot Hacks Applied . | . . . Relay Couplers Released . | . . . Fabnet Peak Effective % . | . . . Robots Rewired . | . . . Allies Hacked . | . . . Hacks Repelled . | . . . Allies | -11 -10 -10 -------- Run | Yrd Mat Min Total Allies . | . . . Largest Group . | . . . Highest-Rated Group . | . . . Highest-Rated Ally . | . . . Total Orders . | . . . Ally Attacks . | . . . Total Damage . | . . . Kills . | . . . Allies Corrupted . | . . . Allies Melted . | . . . Intel | -11 -10 -10 ------- Run | Yrd Mat Min Robot Analysis Total . | . . . Derelict Logs Recovered 1 | . . 1 Drone Launches . | . . . Drone Recoveries . | . . . Exploration | -11 -10 -10 ------------- Run | Yrd Mat Min Turns Passed 1191 | . 910 281 Spaces Moved 570 | 1 409 160 Core . | . . . Treads 530 | . 370 160 Legs 40 | 1 39 . Wheels . | . . . Hover . | . . . Flight . | . . . Fastest Speed 120 | 120 120 160 Average Speed 160 | 120 160 160 Slowest Speed 260 | 120 260 160 Overloaded Moves . | . . . Propulsion Burnouts . | . . . Robots Hopped . | . . . Cave-ins Triggered . | . . . Exploration Rate (%) 29 | 2 55 32 Regions Visited 2 Branch Regions 1 Pre-discovered Areas . | . . . Known Exits Taken . | . . . Unknown Exits Taken 2 | 1 1 . Scrap Searched . | . . . Spaces Dug . | . . . Terrain Destroyed 10 | . 5 5 Melee . | . . . Projectile . | . . . AOE 10 | . 5 5 Terrain Rammed . | . . . Walls Destroyed . | . . . Machines Disabled . | . . . Actions | -11 -10 -10 --------- Run | Yrd Mat Min Total 734 | . 559 175 Wait 39 | . 39 . Move 568 | . 408 160 Hop . | . . . Pick Up 14 | . 14 . Fast Attach 2 | . 2 . Attach 6 | . 6 . Detach 1 | . 1 . Swap 9 | . 6 3 Drop 3 | . . 3 Fire 88 | . 81 7 Melee . | . . . Ram . | . . . Kick . | . . . Crush 4 | . 2 2 Escape Stasis . | . . . Rewire . | . . . Trap . | . . . Miscellaneous . | . . . Route ------- -11/Scrapyard -10/Materials (discovered 2 exits: *Min x2) -10/Mines (discovered 2 exits: [*Mat x2]) History --------- Turn | Location | Event 1 | -11/Scrapyard | Discovered new exit (range 0) 1 | -11/Scrapyard | Entered Materials 160 | -10/Materials | Core integrity fell below 50% 167 | -10/Materials | Lost 3 parts (1p2w) 309 | -10/Materials | Build established: Mutant 468 | -10/Materials | Discovered new exit (range 11) 838 | -10/Materials | Discovered new exit (range 16) 911 | -10/Materials | Entered Mines 930 | -10/Mines | Met a Derelict bent on vengeance 942 | -10/Mines | Discovered new exit (range 7) 995 | -10/Mines | Core integrity fell below 20% 1108 | -10/Mines | Discovered new exit (range 10) 1141 | -10/Mines | Assembled infested the area 1146 | -10/Mines | Assisted by a Guerilla fighting off Assembled 1192 | -10/Mines | Destroyed by as-54614 with Assembled Blade Last Messages --------------- 01009_ G-47 Trooper destroyed. 01012_ Acquired 12 matter. 01061_ Crushed T-07 Excavator. 01061_ T-07 Excavator destroyed. 01068_ Dropped Lgt. Ion Engine. 01089_ Crushed K-01 Serf. 01089_ K-01 Serf destroyed. 01090_ Acquired 6 matter. 01098_ Dropped Lgt. Ion Engine. 01106_ Dropped Ion Engine. 01108_ EXIT=FOUND 01129_ Connecting with Terminal... 01129_ Current location identified: Mines >>Alert(Check) Current Alert Level: Low Security 01141_ ALERT: Infestation in the mines, dispatching Demolisher response squad. 01146_ A derelict emerges from the shadows: "You need to get out of here! I've been tracking a group of Assembled to figure out where they're coming from, and they're closing on this area, come on!" Map ----- +----------------------------------------------------+ | ???????????????????????????????????????? | | ???????????????????????????????????????? | | ???????????????????????????????????????? | | ?????????????????#####?????????????????? | | ?????????????????# ??????????????????? | | ?????????????????# #???????????????????? | | ?????????????##### ###?????????????????? | | ?????????????# #?????????????????? | | ?????????????# """ #?????????????????? | | ?????????????# """ #?????????????????? | | ?????????????# """ #?????????????????? | | ?????????????# #?????? ?????????? | | ?????????????# """ #????? ????????? | | ?????????????# """ #????? ????????? | | ?????????????# """ #????? ?????????? | | ?????????????# #?????% ?????????? | | ????????????## < #????? ?????????? | | ????????????#T #???? ??????????? | | ????????????## #???? a ??????????? | | ?????????????# #????a #??????????? | | ?????????????###### ##???? #??????????? | | ??????????????????# #????? #??????????? | | ??????????????????# #???## #??????????? | | ??????????????????# ##### ###????????? | | ??????????????????# a ## #???? | | ??????????????????# @ #????? | | ??????????????????### ## ##????? | | ????????????????????#*## ##?????? | | ????????????????????#=## ## #??????? | | ????????????????????#=### ##??#??????? | | ????????????????????# #?## ##??????????? | | #####???????????????#*#??? #???????????? | | ^ #???????????????# ##?? ???????????? | | ^ #???????????????# #??##???????????? | | ####????????????## #???????????????? | | ^ # # ##????????????# #???????????????? | | ## < ##???????????# #???????????????? | | ^ #####???????# #???????????????? | | ## #???????# #???????????????? | | ### ## #???????# #####???????????? | | ##### ## #???????#=!!* #???????????? | | ##?## ### #???????##### #???????????? | | ##?####?# #???????????# #???????????? | | ######## #???????????# #???????????? | | #???????????# #???????????? | | ######### #???????????# #???????????? | | #???????# #???????????# #???????????? | | ##??????# #??????????## #???????????? | | #??????# #?????????## #???????????? | | ##?????#=#??????#### #???????????? | +----------------------------------------------------+ Best States ------------- Heat Dissipation 35 Energy Generation 10 Energy Capacity 125 Matter Stores 300 Matter Capacity 300 Sight Range 16 Terrain Scan Density 10 Evasion (%) 55 Recoil Reduction 2 Item Schematics ----------------- None Robot Schematics ------------------ None Fabricated ------------ Nothing Alien Tech Used ----------------- None Achievements -------------- Power Corrupts Challenges ------------ None Game ------ Seed PortableTerrabombPrototype Manual? 0 Play Time 00:14:25 Cumulative 24.7 hours Start 2024.08.17 @ 01:43:58 End 2024.08.23 @ 02:18:01 Sessions 2 Manual Loads 0 Difficulty Rogue Special Mode None Game No. 20 Rogue 20 Adventurer 0 Explorer 0 Win Type - Total 0 Types 0/0/0/0/0/0/0/0/0 Lore% 15 Gallery% 22 Achievement% 23 Wizard Run 0 Options --------- Layout 0 ASCII 0 Keyboard 1 Movement Numpad Keybinds 0 Fullscreen 2 Font 18/X11 Map View 76x50 Zoom Use 0% Tactical HUD 1 Map Filters NONE Filters NONE Steam 1 RUN: 0adfe962-9293-4ace-93ed-6b3fd3275a0a